[Event "Titled Tuesday Blitz May 10 Late 2022"]
[White "Novikova, Galina"]
[Black "Vovk, Orest"]
[WhiteFideId "4157095"]
[BlackFideId "14113490"]
[WhiteElo "1863"]
[BlackElo "2203"]
[Result "0-1"]
[Round "04"]
[TimeControl "180+1"]
[Date "2022.05.11"]
[WhiteClock "0:00:07"]
[BlackClock "0:01:20"]

1. e4 g5 2. d4 g4 3. Qxg4 d5 4. Qe2 dxe4 5. Qxe4 Nf6 6. Qd3 Nc6 7. Nf3 Bg4 8. c3 Qd5 9. Be2 O-O-O 10. Be3 Qh5 11. Nbd2 e5 12. Qb5 exd4 13. Qxh5 dxe3 14. Qxf7 exd2+ 15. Nxd2 Bh6 16. Bxg4+ Nxg4 17. Qe6+ Kb8 18. Qxg4 Bxd2+ 19. Kf1 Rhf8 20. g3 Ne5 21. Qg7 Nd3 22. Kg2 Rxf2+ 23. Kh3 Nf4+ 24. Kg4 h5+ 25. Kh4 Ng2+ 26. Kxh5 Rf5+ 27. Kg4 Ne3+ 28. Kh3 Rh5# 0-1


[Site "https://www.chess.com"]

[Event "Titled Tuesday Blitz May 10 Late 2022"]
[White "Nozdrachev, Leonid"]
[Black "Keller, Peter"]
[WhiteFideId "24113433"]
[BlackFideId "1272105"]
[WhiteElo "2255"]
[BlackElo "2275"]
[Result "1-0"]
[Round "04"]
[TimeControl "180+1"]
[Date "2022.05.11"]
[WhiteClock "0:02:12"]
[BlackClock "0:00:18"]

1. e4 e5 2. Nf3 Nc6 3. Bc4 Nf6 4. d3 Bc5 5. O-O d6 6. Bg5 h6 7. Bh4 a6 8. c3 Ba7 9. d4 Bg4 10. dxe5 dxe5 11. Nbd2 Qe7 12. Qb3 Bb6 13. a4 Na5 14. Bxf7+ Qxf7 15. Qxf7+ Kxf7 16. Nxe5+ Ke6 17. Bxf6 Bh5 18. Bxg7 Rh7 19. b4 Rxg7 20. bxa5 Bxa5 21. Nd3 Bxc3 22. Nf4+ Kf7 23. Nxh5 Rg5 24. Rac1 Bxd2 25. Rxc7+ 1-0


[Site "https://www.chess.com"]

[Event "Titled Tuesday Blitz May 10 Late 2022"]
[White "Oganian, Miran"]
[Black "Xiong, Jeffery"]
[WhiteFideId "4122488"]
[BlackFideId "2047640"]
[WhiteElo "2357"]
[BlackElo "2727"]
[Result "0-1"]
[Round "04"]
[TimeControl "180+1"]
[Date "2022.05.10"]
[WhiteClock "0:01:16"]
[BlackClock "0:01:58"]

1. e4 g6 2. d4 Bg7 3. Nc3 a6 4. Bg5 b5 5. f4 Bb7 6. Nf3 b4 7. Nd5 Nf6 8. Bxf6 exf6 9. Bd3 f5 10. O-O O-O 11. c4 bxc3 12. Nxc3 c5 13. exf5 cxd4 14. Ne2 Nc6 15. fxg6 hxg6 16. f5 Ne5 17. Nxe5 Bxe5 18. fxg6 Qg5 19. Ng3 Bxg3 20. hxg3 Qe3+ 21. Kh2 Qh6+ 22. Kg1 Qe3+ 23. Kh2 fxg6 24. Qb3+ Kg7 25. Qxb7 Rh8# 0-1


[Site "https://www.chess.com"]

[Event "Titled Tuesday Blitz May 10 Late 2022"]
[White "Papp, Levente"]
[Black "Babazada, Khazar"]
[WhiteFideId "751243"]
[BlackFideId "13413554"]
[WhiteElo "2308"]
[BlackElo "2406"]
[Result "0-1"]
[Round "04"]
[TimeControl "180+1"]
[Date "2022.05.10"]
[WhiteClock "0:00:02"]
[BlackClock "0:00:04"]

1. Nf3 d5 2. g3 Nf6 3. Bg2 g6 4. O-O Bg7 5. c4 O-O 6. cxd5 Nxd5 7. Nc3 Nb6 8. d4 Nc6 9. d5 Na5 10. e4 c6 11. Qe1 Bg4 12. Nd2 cxd5 13. exd5 Qd7 14. Nb3 Nxb3 15. axb3 Rfe8 16. Ra5 Bh3 17. Qe4 Bxg2 18. Kxg2 Nc8 19. Bf4 Nd6 20. Bxd6 exd6 21. Qd3 a6 22. Raa1 Rac8 23. Rfe1 h5 24. h4 Re5 25. Rxe5 Bxe5 26. Re1 Qc7 27. Ne4 Qc2 28. Qf3 Qxb2 29. g4 Rf8 30. gxh5 Kg7 31. Ng5 Qd4 32. Rh1 Bf6 33. hxg6 Bxg5 34. hxg5 fxg6 35. Rh7+ Kxh7 36. Qxf8 Qxd5+ 37. Kh2 Qxg5 38. Qxd6 Qb5 39. Qe7+ Kh6 40. Qf8+ Kg5 41. Qe7+ Kg4 42. Qe4+ Kh5 43. Qf3+ Kg5 44. Qe3+ Kf6 45. f4 Qd5 46. Kg3 g5 47. Qc3+ Kg6 48. Qc2+ Qf5 49. Qd1 Qxf4+ 50. Kg2 g4 51. Qd3+ Kf6 52. Qc3+ Qe5 53. Qc2 Qd5+ 54. Kg3 Qf3+ 55. Kh2 g3+ 56. Kh3 g2+ 57. Kh2 Qf1 58. Qc3+ Kf5 59. Qc8+ Ke5 60. Qe8+ Kd4 61. Qd7+ Kc3 62. Qg7+ Kc2 63. Qc7+ Kb2 64. Qe5+ Ka2 65. Qa5+ Kb1 66. Qc5 Qh1+ 0-1


[Site "https://www.chess.com"]

[Event "Titled Tuesday Blitz May 10 Late 2022"]
[White "Perez Molina, Robinson"]
[Black "Petre, Nad-Titus"]
[WhiteFideId "3403882"]
[BlackFideId "1204165"]
[WhiteElo "2410"]
[BlackElo "2541"]
[Result "1-0"]
[Round "04"]
[TimeControl "180+1"]
[Date "2022.05.11"]
[WhiteClock "0:00:10"]
[BlackClock "0:00:12"]

1. Nf3 d6 2. c4 e5 3. Nc3 f5 4. d4 e4 5. Ng5 Be7 6. Nh3 c6 7. g3 Na6 8. Bg2 Nf6 9. O-O O-O 10. Rb1 Nc7 11. f3 d5 12. c5 b5 13. cxb6 axb6 14. b4 b5 15. Qc2 Nce8 16. Bf4 Bd6 17. Be5 Nd7 18. f4 Nb6 19. Rfc1 Be6 20. Bf1 Nc4 21. Rb3 Bxe5 22. fxe5 Qb6 23. Qd1 Nc7 24. Kh1 h6 25. Ra1 g5 26. a4 f4 27. a5 Qb8 28. e3 Nxe3 29. Qh5 Nf5 30. Qg6+ Ng7 31. Qxh6 Bxh3 32. Bxh3 f3 33. Nd1 Qd8 34. Ne3 Qe7 35. Rf1 Nce6 36. Ng4 Qf7 37. Nf6+ Qxf6 38. exf6 Rf7 39. Bxe6 Nxe6 40. Qg6+ Kf8 41. Rc3 Ke8 42. Rxc6 e3 43. Rxe6+ Kd7 44. Qxf7+ Kc8 45. Re8# 1-0


[Site "https://www.chess.com"]

[Event "Titled Tuesday Blitz May 10 Late 2022"]
[White "Petrova, Irina"]
[Black "Estrada Nieto, Julian"]
[WhiteFideId "14124122"]
[BlackFideId "5101018"]
[WhiteElo "1993"]
[BlackElo "2252"]
[Result "0-1"]
[Round "04"]
[TimeControl "180+1"]
[Date "2022.05.11"]
[WhiteClock "0:00:04"]
[BlackClock "0:00:06"]

1. e4 e5 2. Nf3 Nc6 3. Bb5 a6 4. Ba4 Nf6 5. d3 d6 6. c4 g6 7. Nc3 Bg7 8. Bg5 h6 9. Bh4 O-O 10. Nd5 g5 11. Bg3 Bg4 12. h4 Nd4 13. hxg5 hxg5 14. Ne3 Bxf3 15. gxf3 b5 16. Bb3 c6 17. Nc2 Qa5+ 18. Kf1 Ne6 19. Kg2 Nd7 20. cxb5 axb5 21. Bxe6 fxe6 22. Rh5 Qd8 23. Qd2 Qf6 24. Qxg5 Qxf3+ 25. Kg1 Rf6 26. Ne3 Nf8 27. Ng4 Rg6 28. Qh4 Rxg4 29. Qh2 Ng6 30. Rf1 Rf8 31. Qg2 Qxg2+ 32. Kxg2 Nf4+ 33. Kf3 Nxh5+ 34. Kxg4 Nf4 35. Bxf4 Rxf4+ 36. Kg3 Kf7 37. Rh1 Kg6 38. Rh2 Rf8 39. Rh1 Rh8 40. Rc1 c5 41. a3 Bh6 42. Rc2 Bf4+ 43. Kf3 Rh3+ 44. Ke2 Rh1 45. b4 cxb4 46. axb4 Rb1 47. Rc6 Rb2+ 48. Kf3 Rxb4 49. Rxd6 Kf6 50. Rb6 Rb3 51. Ke2 b4 52. Rb5 Rb2+ 53. Kf3 Rb1 54. d4 b3 55. dxe5+ Bxe5 56. Ke3 b2 57. f4 Re1+ 58. Kd2 b1=Q 59. fxe5+ Kg5 0-1


[Site "https://www.chess.com"]

[Event "Titled Tuesday Blitz May 10 Late 2022"]
[White "Petrovic, Aleksa"]
[Black "Muradov, Soltan"]
[WhiteFideId "967629"]
[BlackFideId "14002108"]
[WhiteElo "2144"]
[BlackElo "1854"]
[Result "1-0"]
[Round "04"]
[TimeControl "180+1"]
[Date "2022.05.11"]
[WhiteClock "0:00:09"]
[BlackClock "0:00:09"]

1. d4 Nf6 2. c4 e6 3. Nf3 b6 4. g3 Bb7 5. Bg2 c5 6. d5 exd5 7. Nh4 d6 8. O-O Nbd7 9. Nc3 Be7 10. Nf5 O-O 11. Ne3 Re8 12. Nexd5 Nxd5 13. Nxd5 Rb8 14. Bf4 Ne5 15. Qc2 Bg5 16. Bxg5 Qxg5 17. f4 Qg6 18. Qxg6 Nxg6 19. Kf2 a6 20. Rfd1 b5 21. cxb5 axb5 22. b4 c4 23. Nc3 Bxg2 24. Kxg2 Re3 25. Rac1 Rb6 26. Nd5 Rxe2+ 27. Kf3 Rxa2 28. Nxb6 Rxh2 29. Rxd6 h5 30. Nxc4 bxc4 31. Rxc4 h4 32. b5 Rh3 33. Rb4 Rxg3+ 34. Kf2 Rc3 35. b6 h3 36. b7 h2 37. b8=Q+ Kh7 38. Rb1 Rc2+ 39. Kg3 1-0


[Site "https://www.chess.com"]

[Event "Titled Tuesday Blitz May 10 Late 2022"]
[White "Postny, Evgeny"]
[Black "Wachinger, Guenther"]
[WhiteFideId "2804344"]
[BlackFideId "4604261"]
[WhiteElo "2746"]
[BlackElo "2423"]
[Result "1-0"]
[Round "04"]
[TimeControl "180+1"]
[Date "2022.05.11"]
[WhiteClock "0:00:51"]
[BlackClock "0:00:20"]

1. e4 c5 2. Nf3 d6 3. d4 cxd4 4. Nxd4 Nf6 5. Nc3 g6 6. f4 Nc6 7. Nxc6 bxc6 8. e5 Nd7 9. exd6 exd6 10. Qd4 Qf6 11. Be3 Be7 12. O-O-O O-O 13. Be2 Rb8 14. Bf3 d5 15. Qxf6 Bxf6 16. Bxa7 Ra8 17. Bd4 Bxd4 18. Rxd4 Nc5 19. g3 Ne6 20. Ra4 Bb7 21. Rxa8 Rxa8 22. Re1 d4 23. Ne4 Rxa2 24. Kb1 Ra5 25. Nd6 Ba8 26. Bg4 Nc7 27. Re7 Nb5 28. Nxf7 Kf8 29. Rd7 c5 30. Ng5 Ra7 31. Nxh7+ Kg8 32. Nf6+ Kf8 33. Rxa7 Nxa7 34. Nd7+ Ke7 35. Nxc5 Kd6 36. Nd3 Be4 37. Kc1 Nb5 38. Kd2 Nc7 39. Ne5 Nd5 40. Bf3 Bxf3 41. Nxf3 Ne3 42. Kd3 Nd1 43. Kxd4 Nxb2 44. Nh4 1-0


[Site "https://www.chess.com"]

[Event "Titled Tuesday Blitz May 10 Late 2022"]
[White "Prieto Aranguren, Alain"]
[Black "Lohani, Sujana"]
[WhiteFideId "2268906"]
[BlackFideId "12311987"]
[WhiteElo "2235"]
[BlackElo "1691"]
[Result "1-0"]
[Round "04"]
[TimeControl "180+1"]
[Date "2022.05.11"]
[WhiteClock "0:01:25"]
[BlackClock "0:00:01"]

1. e4 c5 2. c3 Nc6 3. Nf3 e5 4. Bc4 Na5 5. Bd5 d6 6. Qa4+ Bd7 7. Qa3 Nf6 8. O-O Nxd5 9. exd5 g6 10. b4 Nc4 11. Qb3 b5 12. bxc5 dxc5 13. a4 Na5 14. Qb2 a6 15. Nxe5 Bg7 16. Nxd7 Qxd7 17. Re1+ Kf8 18. axb5 axb5 19. Qa3 Qc7 20. d4 Kg8 21. Qxc5 Qxc5 22. dxc5 h5 23. Nd2 Bxc3 24. Ra3 b4 25. Ra4 Kg7 26. Ne4 Bxe1 27. Bb2+ Kh7 28. Bxh8 Kxh8 29. Kf1 Bc3 30. Nxc3 bxc3 31. Ke2 Re8+ 32. Kd3 Nb7 33. Rc4 Rc8 34. c6 Nd6 35. Rxc3 Kg7 36. Rc1 Kf6 37. Kd4 Rc7 38. Kc5 Ne4+ 39. Kb6 Re7 40. c7 Nd6 41. Rc6 Rd7 42. c8=Q 1-0


[Site "https://www.chess.com"]

[Event "Titled Tuesday Blitz May 10 Late 2022"]
[White "Prohorov, Olexandr"]
[Black "Romero Ruscalleda, Josep"]
[WhiteFideId "14105578"]
[BlackFideId "2231859"]
[WhiteElo "1993"]
[BlackElo "2302"]
[Result "1-0"]
[Round "04"]
[TimeControl "180+1"]
[Date "2022.05.11"]
[WhiteClock "0:02:23"]
[BlackClock "0:02:08"]

1. e4 g6 2. d4 Bg7 3. Nc3 d6 4. f4 a6 5. a4 Nc6 6. Nf3 Bg4 7. Be3 Nf6 8. e5 dxe5 9. fxe5 Nd5 10. Nxd5 Qxd5 11. Be2 O-O 12. O-O Bf5 13. c3 Rad8 14. Nd2 f6 15. Bc4 1-0


[Site "https://www.chess.com"]

[Event "Titled Tuesday Blitz May 10 Late 2022"]
[White "Purtseladze, Maka"]
[Black "Kanyamarala, Tarun"]
[WhiteFideId "13602659"]
[BlackFideId "45004714"]
[WhiteElo "2394"]
[BlackElo "2538"]
[Result "0-1"]
[Round "04"]
[TimeControl "180+1"]
[Date "2022.05.11"]
[WhiteClock "0:00:15"]
[BlackClock "0:01:38"]

1. d4 Nf6 2. Bg5 c5 3. Bxf6 exf6 4. e3 d5 5. Nc3 Nc6 6. dxc5 Be6 7. Nf3 Bxc5 8. Bd3 d4 9. exd4 Nxd4 10. O-O O-O 11. Be4 f5 12. Nxd4 Bxd4 13. Bd3 Qf6 14. Na4 a6 15. c3 Ba7 16. c4 Bd4 17. Qc2 Rac8 18. Nc3 Bxc4 19. Bxc4 Rxc4 20. Qb3 b5 21. Nd5 Qe5 22. Nb4 Qd6 23. Rad1 Qxb4 0-1


[Site "https://www.chess.com"]

[Event "Titled Tuesday Blitz May 10 Late 2022"]
[White "Radovanovic, Mihajlo"]
[Black "Della Morte, German"]
[WhiteFideId "940313"]
[BlackFideId "113522"]
[WhiteElo "2394"]
[BlackElo "2363"]
[Result "1-0"]
[Round "04"]
[TimeControl "180+1"]
[Date "2022.05.10"]
[WhiteClock "0:00:04"]
[BlackClock "0:00:11"]

1. e4 Nc6 2. Nf3 d6 3. d4 Nf6 4. Nc3 g6 5. Be3 Bg7 6. h3 O-O 7. Qd2 a6 8. Bh6 b5 9. Bd3 e5 10. d5 Nd4 11. Nxd4 exd4 12. Ne2 Re8 13. Bxg7 Kxg7 14. f3 c5 15. dxc6 d5 16. O-O-O Qb6 17. exd5 Nxd5 18. Be4 Ne3 19. Qxd4+ Qxd4 20. Rxd4 f5 21. Bd3 Nxg2 22. Rg1 Ne3 23. Nf4 Ra7 24. Kd2 Rae7 25. a4 Re5 26. axb5 axb5 27. h4 Kf6 28. Rb4 Rc5 29. Rxb5 Rxc6 30. Rb4 Rc7 31. Re1 Rce7 32. Rxe3 Rxe3 33. Nd5+ Kf7 34. Nxe3 Re7 35. Rd4 Kg7 36. Ng2 h6 37. b4 g5 38. hxg5 hxg5 39. b5 Kf6 40. b6 Bb7 41. Be2 g4 42. fxg4 Bxg2 43. gxf5 Kxf5 44. Bd3+ Ke5 45. Rd8 Rb7 46. Rg8 Bf3 47. Rg6 Bd5 48. c4 Be6 49. c5 Bd5 50. Kc3 Rb8 51. Kb4 Kd4 52. Rd6 Rf8 53. Bc4 Ke4 54. Rxd5 Rf1 55. Rd3 Rb1+ 56. Rb3 Rc1 57. b7 Kd4 58. Bb5 1-0


[Site "https://www.chess.com"]

[Event "Titled Tuesday Blitz May 10 Late 2022"]
[White "Remolar Gallen, Jose"]
[Black "Skliarov, Viktor"]
[WhiteFideId "2215187"]
[BlackFideId "14106736"]
[WhiteElo "2439"]
[BlackElo "2663"]
[Result "0-1"]
[Round "04"]
[TimeControl "180+1"]
[Date "2022.05.11"]
[WhiteClock "0:00:02"]
[BlackClock "0:00:06"]

1. d4 Nf6 2. c4 e6 3. Nf3 b6 4. g3 Bb7 5. Bg2 Be7 6. O-O O-O 7. Nc3 Ne4 8. Bd2 Nxd2 9. Qxd2 d6 10. b4 a5 11. a3 Nd7 12. d5 e5 13. e4 g6 14. h4 Nf6 15. Qd3 Bc8 16. Nd2 Nh5 17. Nb5 f5 18. bxa5 Rxa5 19. Nb3 Ra8 20. a4 Bxh4 21. gxh4 Nf4 22. Qe3 Qxh4 23. Ra2 Qg5 24. Qg3 Qe7 25. Re1 Nh5 26. Qh2 f4 27. a5 f3 28. Bf1 Qg5+ 29. Kh1 Rf4 30. Nxc7 Rh4 31. Nxa8 Rxh2+ 32. Kxh2 bxa5 33. Re3 Qh4+ 34. Kg1 Bh3 35. Rxf3 Qg4+ 36. Rg3 Nxg3 37. Bxh3 Qxh3 38. fxg3 Qxg3+ 39. Kh1 Qxb3 40. Rf2 Qxc4 41. Nb6 Qxe4+ 42. Kg1 Kg7 43. Nd7 Qxd5 44. Nf6 Qd4 45. Ne8+ Kh6 46. Nf6 Kg5 47. Nxh7+ Kg4 48. Nf6+ Kg3 0-1


[Site "https://www.chess.com"]

[Event "Titled Tuesday Blitz May 10 Late 2022"]
[White "Roberson, Peter T"]
[Black "Bazeev, German"]
[WhiteFideId "412384"]
[BlackFideId "24119350"]
[WhiteElo "2346"]
[BlackElo "2493"]
[Result "1-0"]
[Round "04"]
[TimeControl "180+1"]
[Date "2022.05.10"]
[WhiteClock "0:00:07"]
[BlackClock "0:00:03"]

1. e4 c5 2. Be2 g6 3. f4 Bg7 4. Nf3 d5 5. d3 Nc6 6. O-O dxe4 7. dxe4 Qxd1 8. Rxd1 Nd4 9. Nxd4 cxd4 10. e5 f6 11. Bb5+ Kf7 12. exf6 Bxf6 13. Nd2 Bf5 14. Nf3 Bxc2 15. Rd2 Rc8 16. Nxd4 Be4 17. Bd7 Nh6 18. Be6+ Kg7 19. Bxc8 Rxc8 20. b3 Nf5 21. Nxf5+ gxf5 22. Bb2 Bxb2 23. Rxb2 Rd8 24. Kf2 h5 25. Ke3 Kf6 26. Rd2 Rc8 27. g3 h4 28. Rg1 h3 29. Rgd1 Rc3+ 30. Kf2 Rf3+ 31. Ke2 Rc3 32. Re1 Bf3+ 33. Kf2 Be4 34. Rd8 e6 35. Rh8 a5 36. Rxh3 a4 37. Rh6+ Kf7 38. bxa4 Rf3+ 39. Ke2 Ra3 40. Rc1 Rxa2+ 41. Ke3 Ra3+ 42. Kd4 Bc6 43. Ke5 Re3+ 44. Kd6 Rd3+ 45. Kc7 Rd7+ 46. Kb6 Rd3 47. a5 Rb3+ 48. Kc7 Ra3 49. Rc5 Be4 50. Kb6 Rb3+ 51. Rb5 Rc3 52. Rh7+ Kf6 53. Rxb7 Rc6+ 54. Ka7 Rc2 55. Rh7 Bd3 56. Rb6 Ra2 57. a6 Be4 58. Rh6+ 1-0


[Site "https://www.chess.com"]

[Event "Titled Tuesday Blitz May 10 Late 2022"]
[White "Romanchuk, Viktor"]
[Black "Manukian, Artak"]
[WhiteFideId "14109271"]
[BlackFideId "13301373"]
[WhiteElo "2555"]
[BlackElo "2411"]
[Result "1-0"]
[Round "04"]
[TimeControl "180+1"]
[Date "2022.05.11"]
[WhiteClock "0:00:09"]
[BlackClock "0:00:02"]

1. d4 Nf6 2. c4 b6 3. Nc3 Bb7 4. Bg5 Ne4 5. Nxe4 Bxe4 6. f3 Bb7 7. e4 d6 8. Bd3 Nd7 9. Ne2 h6 10. Be3 e5 11. Qd2 Be7 12. O-O Bg5 13. f4 exf4 14. Bxf4 O-O 15. Rae1 c5 16. Bxg5 Qxg5 17. Qxg5 hxg5 18. e5 dxe5 19. d5 b5 20. b3 bxc4 21. bxc4 g6 22. g4 Ba6 23. Ng3 Nb6 24. Rxe5 Bxc4 25. Bxc4 Nxc4 26. Rxg5 Nd6 27. Re5 Rae8 28. Rxe8 Rxe8 29. Rc1 c4 30. Kf2 Rb8 31. Rc2 Kf8 32. Ke3 Rb1 33. Kd4 Ke7 34. Kc5 Kd7 35. h4 Rg1 36. Ne2 Rxg4 37. Nd4 Rxh4 38. Nc6 Rh1 39. Re2 Nf5 40. Ne5+ Kc7 41. Nxc4 Rd1 42. d6+ Nxd6 43. Re7+ Kd8 44. Rxa7 Ne4+ 45. Kb4 Rd4 46. Kb3 Rd3+ 47. Kb4 Rd4 48. Kb3 Rd3+ 49. Kb2 Rd4 50. Ne5 f5 51. Nc6+ Kc8 52. Nxd4 Kb8 53. Rg7 g5 54. Nxf5 Nf2 55. Rxg5 Nd3+ 56. Kc3 Ne5 57. Rg7 Nc6 58. a4 Na5 59. Kb4 Nb7 60. Rf7 Kc8 61. Nd4 Nd8 62. Rg7 Kb8 63. a5 Kc8 64. Kb5 Kb8 65. Rg8 Kc7 66. Rxd8 Kxd8 67. Kb6 Kc8 68. Nc6 Kd7 69. a6 Kd6 70. a7 1-0


[Site "https://www.chess.com"]

[Event "Titled Tuesday Blitz May 10 Late 2022"]
[White "Rorrer, Grayson"]
[Black "Hardaway, Brewington"]
[WhiteFideId "30944996"]
[BlackFideId "30941849"]
[WhiteElo "2122"]
[BlackElo "1768"]
[Result "1-0"]
[Round "04"]
[TimeControl "180+1"]
[Date "2022.05.10"]
[WhiteClock "0:01:40"]
[BlackClock "0:01:27"]

1. e4 e5 2. Nc3 Nf6 3. d4 exd4 4. Qxd4 Nc6 5. Qd3 Bc5 6. Bf4 d6 7. Qd2 Ng4 8. Bg3 Be6 9. h3 Nge5 10. O-O-O Nc4 11. Bxc4 Bxc4 12. f4 a5 13. Nf3 a4 14. Kb1 b5 15. Nd5 b4 16. Rhe1 b3 17. Qc3 bxc2+ 18. Kxc2 Bxa2 19. Qxg7 Bb3+ 20. Kb1 1-0


[Site "https://www.chess.com"]

[Event "Titled Tuesday Blitz May 10 Late 2022"]
[White "Rosen, Eric"]
[Black "Karttunen, Mika"]
[WhiteFideId "2032562"]
[BlackFideId "502081"]
[WhiteElo "2738"]
[BlackElo "2554"]
[Result "1-0"]
[Round "04"]
[TimeControl "180+1"]
[Date "2022.05.11"]
[WhiteClock "0:00:07"]
[BlackClock "0:00:30"]

1. d4 f5 2. Bf4 Nf6 3. e3 e6 4. Nf3 d5 5. Nbd2 Bd6 6. Bd3 O-O 7. Qe2 Qe7 8. h3 Ne4 9. Ne5 Nd7 10. Ndf3 Bb4+ 11. Kf1 Ndf6 12. c3 Bd6 13. Rd1 c5 14. Bb1 Bd7 15. Nxd7 Nxd7 16. h4 Ndf6 17. Ne5 Bxe5 18. dxe5 Ng4 19. f3 Ngf2 20. Rh2 Nxd1 21. fxe4 Nxe3+ 22. Qxe3 fxe4 23. g3 b5 24. Rf2 b4 25. cxb4 cxb4 26. Bc2 Rac8 27. Bb3 a5 28. Kg2 Qd7 29. h5 a4 30. Bd1 h6 31. Bg4 Qc6 32. Rd2 Rfd8 33. Rd1 Qc2+ 34. Rd2 Qc1 35. Bxe6+ Kh8 36. Bxc8 Rxc8 37. e6 Qc6 38. Qd4 Qxe6 39. Qxd5 Qe7 40. Be3 a3 41. bxa3 bxa3 42. Qd4 Re8 43. Rf2 Kg8 44. Qc4+ Kh7 45. Qd4 Kg8 46. Rd2 Qe6 47. Qd5 Kf7 48. Qxe6+ Kxe6 49. Rd4 Ke5 50. Ra4 Rd8 51. Rxa3 Rc8 52. Kh3 Rc2 53. Ra5+ Ke6 54. a4 Re2 55. Bf4 Ra2 56. Re5+ Kf6 57. Rxe4 Kf5 58. Rb4 Kf6 59. Rb6+ Kf5 60. Rb5+ Ke4 61. Rb4+ Kf3 62. Be5 Rd2 63. Rf4+ Ke3 64. Bd4+ Ke2 65. Bxg7 Kd3 66. Kg4 Ra2 67. Bxh6 Re2 68. Bg5 Re6 69. h6 Ra6 70. h7 Rxa4 71. Rxa4 1-0


[Site "https://www.chess.com"]

[Event "Titled Tuesday Blitz May 10 Late 2022"]
[White "Sadhwani, Raunak"]
[Black "Dimakiling, Oliver"]
[WhiteFideId "35093487"]
[BlackFideId "5202248"]
[WhiteElo "2616"]
[BlackElo "2426"]
[Result "1-0"]
[Round "04"]
[TimeControl "180+1"]
[Date "2022.05.10"]
[WhiteClock "0:00:14"]
[BlackClock "0:00:07"]

1. d4 Nf6 2. Nf3 g6 3. Nc3 d5 4. Bf4 c6 5. e3 Bg7 6. h3 b6 7. Bd3 Ba6 8. O-O Bxd3 9. Qxd3 O-O 10. a4 a5 11. Ne2 Nbd7 12. b3 e6 13. c4 c5 14. Rac1 Re8 15. Rfd1 Qc8 16. Ne5 Rd8 17. Nxd7 Rxd7 18. Be5 Ne4 19. Qb1 Bxe5 20. dxe5 h5 21. h4 Qc7 22. f3 Qxe5 23. fxe4 Rad8 24. cxd5 exd5 25. Qc2 dxe4 26. Rxd7 Rxd7 27. Rd1 Rxd1+ 28. Qxd1 Qe7 29. Qe1 Qe6 30. Qd1 c4 31. Nf4 Qc6 32. Qd8+ Kh7 33. bxc4 Qxc4 34. Nd5 Qxa4 35. Nf6+ Kg7 36. Ne8+ Kf8 37. Nd6+ Kg7 38. Qxb6 Qd1+ 39. Kh2 a4 40. Qd8 Qb3 41. Ne8+ Kf8 42. Nf6+ Kg7 43. Nd7 Qb4 44. Qf6+ Kg8 45. Ne5 Qb3 46. Qd8+ Kg7 47. Qd4 Kg8 48. Nd7 a3 49. Nf6+ Kf8 50. Nd5 Kg8 51. Ne7+ Kf8 52. Nc6 Kg8 53. Ne7+ Kf8 54. Nd5 Kg8 55. Nf6+ Kf8 56. Qd8+ Kg7 57. Nd7 Qb4 58. Qf6+ Kg8 59. Qe5 a2 60. Qe8+ Kg7 61. Qe5+ Kg8 62. Nf6+ Kf8 63. Nd5 Qb1 64. Qh8# 1-0


[Site "https://www.chess.com"]

[Event "Titled Tuesday Blitz May 10 Late 2022"]
[White "Sarana, Alexey"]
[Black "Dreev, Aleksey"]
[WhiteFideId "24133795"]
[BlackFideId "4100107"]
[WhiteElo "2666"]
[BlackElo "2625"]
[Result "1/2-1/2"]
[Round "04"]
[TimeControl "180+1"]
[Date "2022.05.10"]
[WhiteClock "0:00:19"]
[BlackClock "0:00:16"]

1. d4 d5 2. c4 e6 3. Nc3 Nf6 4. cxd5 exd5 5. Bg5 c6 6. e3 Be7 7. Bd3 h6 8. Bf4 O-O 9. Nf3 Bd6 10. Bxd6 Qxd6 11. h3 Re8 12. O-O Be6 13. Qc2 Nbd7 14. b4 b5 15. a4 a6 16. Qb3 Nb6 17. Ra2 Ne4 18. axb5 cxb5 19. Rfa1 Rec8 20. Ne2 Nc4 21. Nf4 Rc6 22. Qb1 Nc3 23. Qb3 Nxa2 24. Rxa2 Rac8 25. g4 Qe7 26. Kg2 Qf6 27. Qd1 Qe7 28. Qe1 Rd8 29. Nh5 Bc8 30. Nf4 Qd6 31. Qb1 Re8 32. Qb3 Rc7 33. Re2 Rce7 34. Nh5 g6 35. Ng3 Bd7 36. Qb1 Kg7 37. Ra2 Bc8 38. Re2 Qf6 39. Qc1 Rc7 40. Qe1 Bb7 41. Ra2 Qd6 42. Re2 Rce7 43. Qc1 Qc7 44. Qe1 Bc8 45. Qb1 Qd6 46. Qe1 Rc7 47. Qb1 Qe7 48. Qe1 Nd6 49. Ne5 Nc4 50. Nf3 Bb7 51. Qb1 Rc6 52. Ra2 Rf6 53. Re2 Qd6 54. Nh4 Bc8 55. Nf3 Qc7 56. Nh4 Rc6 57. Nf3 Rf6 58. Nh4 Qd6 59. Nf3 Qc7 1/2-1/2


[Site "https://www.chess.com"]

[Event "Titled Tuesday Blitz May 10 Late 2022"]
[White "Sargsyan, Anna M."]
[Black "Pap, Gyula"]
[WhiteFideId "13308130"]
[BlackFideId "725323"]
[WhiteElo "2271"]
[BlackElo "2553"]
[Result "0-1"]
[Round "04"]
[TimeControl "180+1"]
[Date "2022.05.10"]
[WhiteClock "0:00:01"]
[BlackClock "0:01:44"]

1. d4 e6 2. c4 Bb4+ 3. Bd2 a5 4. g3 Nc6 5. Nf3 d6 6. Bg2 e5 7. d5 Nce7 8. O-O Bc5 9. Nc3 Nf6 10. a3 O-O 11. e4 Bd7 12. b3 c6 13. Na4 Ba7 14. Qe1 cxd5 15. cxd5 Bb5 16. Bxa5 b6 17. Bb4 Bxf1 18. Bxf1 b5 19. Bxb5 Ng4 20. Kg2 Bxf2 21. Qe2 Ba7 22. Rc1 Ng6 23. h3 Ne3+ 24. Kh2 f5 25. Bd3 Rc8 26. Rc6 Rxc6 27. dxc6 fxe4 28. Bxe4 d5 29. Bxg6 hxg6 30. Bxf8 Kxf8 31. Nxe5 Qe8 32. c7 Kg8 33. Qa6 Qxe5 34. c8=Q+ Kh7 35. Qc1 Bb8 36. Kh1 Qe4+ 0-1


[Site "https://www.chess.com"]

[Event "Titled Tuesday Blitz May 10 Late 2022"]
[White "Sernecki, Franciszek"]
[Black "Sanchez, Robert"]
[WhiteFideId "1169297"]
[BlackFideId "2034360"]
[WhiteElo "2553"]
[BlackElo "2220"]
[Result "0-1"]
[Round "04"]
[TimeControl "180+1"]
[Date "2022.05.11"]
[WhiteClock "0:00:03"]
[BlackClock "0:00:46"]

1. d4 d5 2. c4 c6 3. Nc3 Nf6 4. e3 g6 5. Nf3 Bg7 6. Be2 O-O 7. O-O Bg4 8. Qb3 Qb6 9. h3 Bxf3 10. Bxf3 Qxb3 11. axb3 e6 12. Bd2 Nbd7 13. Rfc1 Rfd8 14. cxd5 exd5 15. b4 a6 16. Na4 Re8 17. Nc5 Rab8 18. Be1 Re7 19. g4 Ne4 20. Bg2 f5 21. gxf5 gxf5 22. Bf3 f4 23. Kf1 fxe3 24. fxe3 Rf8 25. Kg2 Ng5 26. Bg4 Nf6 27. Bd2 Nxg4 28. hxg4 Bxd4 29. Rf1 Rxf1 30. Rxf1 Bxe3 31. Bxe3 Rxe3 32. Nxb7 Rb3 33. Rf4 Rxb2+ 34. Kg3 Ne4+ 35. Kf3 Rb3+ 36. Kg2 Rb2+ 37. Kf1 Rxb4 0-1


[Site "https://www.chess.com"]

[Event "Titled Tuesday Blitz May 10 Late 2022"]
[White "Shapiro, Daniel"]
[Black "Ricaurte Lopez, Juan Carlos"]
[WhiteFideId "2001780"]
[BlackFideId "3600327"]
[WhiteElo "2319"]
[BlackElo "2209"]
[Result "1-0"]
[Round "04"]
[TimeControl "180+1"]
[Date "2022.05.11"]
[WhiteClock "0:00:48"]
[BlackClock "0:00:04"]

1. d4 c5 2. d5 e6 3. c4 exd5 4. cxd5 d6 5. Nc3 g6 6. e4 Bg7 7. h3 Nf6 8. Nf3 O-O 9. Bd3 a6 10. a4 b6 11. Bf4 Re8 12. O-O Ra7 13. Nd2 Nh5 14. Bh2 Be5 15. f4 Bd4+ 16. Kh1 Rae7 17. Qc2 Nd7 18. Nc4 Qc7 19. e5 Nxe5 20. fxe5 Bxe5 21. Bxe5 Rxe5 22. Nxe5 Ng3+ 23. Kg1 Nxf1 24. Rxf1 Rxe5 25. Ne4 Qe7 26. Nf6+ Kg7 27. Bc4 1-0


[Site "https://www.chess.com"]

[Event "Titled Tuesday Blitz May 10 Late 2022"]
[White "Shapiro, David"]
[Black "Ramirez Vido, Robert Yorisan"]
[WhiteFideId "24133523"]
[BlackFideId "3513823"]
[WhiteElo "2554"]
[BlackElo "2361"]
[Result "1-0"]
[Round "04"]
[TimeControl "180+1"]
[Date "2022.05.11"]
[WhiteClock "0:00:15"]
[BlackClock "0:00:03"]

1. d4 g6 2. e4 d6 3. Nc3 Nf6 4. Be3 c6 5. f3 b5 6. Qd2 Nbd7 7. O-O-O Qa5 8. Kb1 Nb6 9. e5 dxe5 10. dxe5 Nfd5 11. Nxd5 Qxd2 12. Nc7+ Kd8 13. Rxd2+ Kxc7 14. f4 Be6 15. Nf3 Bg7 16. Nd4 Bc4 17. b3 Bxf1 18. Rxf1 Nd5 19. Nxb5+ Kb7 20. Bg1 Rhd8 21. Rfd1 a6 22. c4 axb5 23. cxd5 Rdc8 24. d6 exd6 25. Rxd6 Bf8 26. Rd7+ Rc7 27. g4 Rc8 28. f5 Rxd7 29. Rxd7+ Rc7 30. Rxc7+ Kxc7 31. Kc2 Bg7 32. Bd4 c5 33. Bb2 gxf5 34. gxf5 Kc6 35. e6 Bxb2 36. e7 Kd7 37. Kxb2 Kxe7 38. a4 1-0


[Site "https://www.chess.com"]